Unix NetHack Version 3.7.0-84 Work-in-progress - last build May 8 2023 12:40:53 (a521f9c9ba282fe1dbcfd9214424a180692735d4,branch:master). Game began 2023-05-11 14:59:59, ended 2023-05-11 19:02:25. MaestroSpook, neutral female human Monk ----- ------------- |....####---------- |...........| ##....| #|........-# #............| ## |.(>| #.........|## #|...........| #### -+--- |........| # #|...........| # ---------- # #|...........| ## # #----------.-- ## # # # # # # # # # # # # -.-------------- # ### # ####|..d...........| # ------# ##### #.:...:.FFx.....| ##|.....# --.-.- #|...d..F...b...| #|....| |....| |..Fx@hr...xF.o| #.<.d.| |....| ----------- |....| |....| ------ |....| ------ MaestroSpook the Candidate St:17 Dx:11 Co:14 In:10 Wi:14 Ch:9 Neutral Dlvl:4 $:54 HP:0(17) Pw:5(5) AC:4 Xp:1/15 T:1074 Latest messages: The lichen is killed! o - a lichen corpse (2 in total). Oedipa misses the sewer rat. Oedipa misses the sewer rat. The sewer rat misses! Oedipa misses the sewer rat. $ - 6 gold pieces (44 in total). Oedipa misses the sewer rat. It misses the sewer rat. You hear some noises. You are beginning to feel hungry. What do you want to eat? [f-hjow or ?*] This food really hits the spot! You finish eating the food ration. Oedipa bites the kobold. The kobold is killed! The door opens. Really save? [yn] (n) Saving... Restoring save file... Hello MaestroSpook, the human Monk, welcome back to NetHack! The coyote bites! The coyote misses! $ - 10 gold pieces (54 in total). i - a murky potion. You see here a large box. In what direction? Hmmm, the large box turns out to be locked. Unlock it with your key? [ynq] (q) You succeed in unlocking the box. In what direction? n - a food ration. p - a brilliant blue potion. q - a murky potion. Pick an object. Pick an object. You see here a statue of a brown mold. The statue comes to life! You begin striking monsters with your gloved hands. You kill the brown mold! You kill the gas spore! Boom! You are caught in the gas spore's explosion! You already found a monster. Use 'm' prefix to force another search. The coyote misses! The coyote bites! The coyote bites! The coyote bites! The coyote bites! You die... Inventory: Coins ('$') $ - 54 gold pieces Armor ('[') a - an uncursed +2 pair of leather gloves (being worn) b - an uncursed +1 robe (being worn) Comestibles ('%') g - 6 uncursed apples w - 2 uncursed carrots f - 2 uncursed food rations n - an uncursed food ration h - 5 uncursed oranges j - a cursed tripe ration o - 2 uncursed lichen corpses Scrolls ('?') e - an uncursed scroll of genocide l - a blessed scroll of light d - an uncursed scroll of stinking cloud Spellbooks ('+') c - a blessed spellbook of healing Potions ('!') p - a blessed potion of acid i - a blessed potion of fruit juice q - a cursed potion of fruit juice Tools ('(') k - a cursed expensive camera (0:53) s - an uncursed skeleton key Gems/Stones ('*') r - an uncursed worthless piece of orange glass m - an uncursed worthless piece of red glass MaestroSpook the Monk's attributes: Background: You were a Candidate, a level 1 female human Monk. You were neutral, on a mission for Chih Sung-tzu who was opposed by Shan Lai Ching (lawful) and Huan Ti (chaotic). You were in the Dungeons of Doom, on level 4. You entered the dungeon 1074 turns ago. You had 15 experience points, 5 more were needed to attain level 2. Basics: You had 0 out of 17 hit points. You had all 5 energy points (spell power). Your armor class was 4. Your wallet contained 54 zorkmids. Autopickup was on for '$%?!"=/*', with exceptions. Final Characteristics: Your strength was 17 (limit:18/100). Your dexterity was 11 (limit:18). Your constitution was 14 (limit:18). Your intelligence was 10 (limit:18). Your wisdom was 14 (limit:18). Your charisma was 9 (limit:18). Final Status: You were not hungry. You were unencumbered. You were empty handed. You had basic skill with martial arts. Final Attributes: You were fervently aligned. You were sleep resistant. You saw invisible. You were guarded. You were fast. You are dead. Miscellaneous: You disabled loading of bones levels. Total elapsed playing time was 28 minutes and 6 seconds. Major events: Turn 1: MaestroSpook the neutral female human Monk entered the dungeon 300: entered the Gnomish Mines 1074: killed by a coyote Vanquished creatures: an acid blob a gas spore a hobbit a giant rat a brown mold a kobold 2 sewer rats 3 grid bugs 3 lichens 3 newts 17 creatures vanquished. No species were genocided or became extinct. Voluntary challenges: You were vegetarian. You never hit with a wielded weapon. You read items or engraved 6 times. You engraved Elbereth 1 time. You never genocided any monsters. You never polymorphed an object. You never changed form. You used no wishes. Achievements: You entered the Gnomish Mines. You entered a shop. The Dungeons of Doom: levels 1 to 4 Level 1: An altar. Level 2: Stairs down to The Gnomish Mines. Level 3: A general store. Level 4: <- You were here. Final resting place for you, killed by a coyote. The Gnomish Mines: Level 3: Game over: ---------- / \ / REST \ / IN \ / PEACE \ / \ | MaestroSpook | | 54 Au | | killed by a | | coyote | | | | | | 2023 | *| * * * | * _________)/\\_//(\/(/\)/\//\/|_)_______ Goodbye MaestroSpook the Monk... You died in The Dungeons of Doom on dungeon level 4 with 259 points, and 54 pieces of gold, after 1074 moves. You were level 1 with a maximum of 17 hit points when you died.